 Dungeon Crawl Stone Soup version 0.30-a0-782-ge64f9170bb (webtiles) character file.

Game seed: 11335437982960193179

127 kae the Firebug (level 5, -5/28 HPs)
             Began as a Tengu Fire Elementalist on Mar 1, 2023.
             Killed by divine providence
             ... invoked by an orc priest
              (13 damage)
             ... on level 3 of the Dungeon.
             The game lasted 00:01:54 (2321 turns).

kae the Firebug (Tengu Fire Elementalist)           Turns: 2321, Time: 00:01:55

Health: -5/28      AC:  3    Str:  8    XL:     5   Next: 11%
Magic:  6/10       EV: 14    Int: 19    God:
Gold:   169        SH:  0    Dex: 15    Spells: 3/9 levels left

rFire   . . .      SeeInvis .    r - +4 dagger of Hacking and Slashing {spect, rElec Will++ Int+2 Stlth+}
rCold   . . .      Faith    .    (no shield)
rNeg    . . .      Spirit   .    a - +1 robe
rPois   .          Reflect  .    (helmet restricted)
rElec   +          Harm     .    (no cloak)
rCorr   .          Rampage  .    (no gloves)
Will    ++...                    (boots unavailable)
Stlth   +++                      (no amulet)
HPRegen 0.24/turn                (no ring)
MPRegen 0.12/turn                (no ring)

@: flying quickly and evasively, quick
A: beak, talons 3, nimble flight
a: no special abilities


You were on level 3 of the Dungeon.
You visited 1 branch of the dungeon, and saw 3 of its levels.

You collected 169 gold pieces.


Innate Abilities, Weirdness & Mutations

You have a beak for a mouth.
You have claws for feet.
Your magical nature lets you fly swiftly and evasively.


   Skills:
 - Level 2.1 Dodging
 - Level 2.0 Stealth
 + Level 2.7 Spellcasting
 * Level 4.0 Conjurations
 * Level 4.6 Fire Magic


You had 3 spell levels left.
You knew the following spells:

 Your Spells              Type           Power      Damage    Failure   Level
a - Foxfire               Conj/Fire      76%        2x1d7     2%          1
b - Scorch                Fire           40%        2d7       3%          2
c - Inner Flame           Hex/Fire       11%        N/A       19%         3

Your spell library contained the following spells:

 Spells                   Type           Power      Damage    Failure   Level
 Shock                    Conj/Air       40%        1d5       7%          1
 Kindle Blastsparks       Fire/Tloc/Air  16%        2d11      26%         3
 Portal Projectile        Hex/Tloc       4%         N/A       43%         3
 Swiftness                Air            2%         N/A       43%         3
 Tukima's Dance           Hex            2%         N/A       43%         3
 Flame Wave               Conj/Fire      19%        2d7       26%         4
 Fulminant Prism          Conj/Hex       5%         3d7       56%         4
 Iskenderun's Mystic Bla  Conj/Tloc      10%        2d4       56%         4
 Airstrike                Air            1%         2d(1-17)  83%         4
 Blade Hands              Tmut           1%         N/A       99%         5
 Lee's Rapid Deconstruct  Erth           1%         3d4*      99%         5

Inventory:

Hand Weapons
 r - the +4 dagger of Hacking and Slashing (weapon) {spect, rElec Will++ Int+2 Stlth+}
   (You took it off a goblin on level 3 of the Dungeon)

   Int:       It affects your intelligence (+2).
   rElec:     It insulates you from electricity.
   Will:      It greatly increases your willpower.
   Stlth:     It makes you more stealthy.
Missiles
 h - 26 stones
 j - 5 boomerangs
Armour
 a - a +1 robe (worn)
Jewellery
 g - the ring "Poroximeqel" {+Blink rPois rC- Will+}
   (You found it on level 2 of the Dungeon)

   [ring of poison resistance]

   rC:        It makes you vulnerable to cold.
   rPois:     It protects you from poison.
   +Blink:    It lets you blink.
   Will:      It increases your willpower.
 N - a ring of positive energy
   (You found it on level 1 of the Dungeon)
 T - an amulet of faith {!P}
   (You found it on level 1 of the Dungeon)
Scrolls
 e - 3 scrolls of immolation {!r!r}
 i - 3 scrolls of teleportation {unknown}
 m - a scroll of identify {unknown}
 n - a scroll of magic mapping {!r}
 q - a scroll of enchant armour
Potions
 b - a potion of magic
 c - 2 potions of cancellation {unknown}
 d - a potion of invisibility {unknown}
 f - 2 potions of heal wounds {unknown}
 k - a potion of berserk rage {unknown}
 l - a potion of degeneration {unknown}
 o - 2 potions of flight {unknown}
 p - a potion of curing {unknown}

Dungeon Overview and Level Annotations

Branches:
Dungeon (3/15) Zot: 15687

Altars:
Dithmenos
Xom

########## #........#
#....<...# . #....@...# ..
#........# ... #........#
## .... #........# .# .....
#####K.......## ..#
.....)#o..#oo.......# ..#
......).#...........###
...##
###.##..##....####....#
###.....
...######..###....###.....#


You could see an orc priest, an orc and a kobold.


Message History

The frilled lizard hisses angrily. 😎 MP[-1]
You lost 1 mp, and now have 7/10 mp.
A frilled lizard is nearby!
A frilled lizard is nearby!
A frilled lizard is nearby!
Casting: Foxfire (safe; 2% risk of failure)
Confirm with . or Enter, or press ? or * to list all spells.
You conjure some foxfire!
The foxfire hits the frilled lizard.
You kill the frilled lizard!
There is a stone staircase leading up here.
There is a stone staircase leading up here.
Found a stone staircase leading up.
Casting: Foxfire (safe; 2% risk of failure)
Confirm with . or Enter, or press ? or * to list all spells.
You conjure some foxfire! 😎 MP[+2]
You regained 2 mp, and now have 9/10 mp.
You now have 169 gold pieces (gained 11). 2 orcs and an orc priest come into view.
The orc shouts!
The orc priest shouts!
The orc shouts! 😎 MP[+1]
Your mp is fully restored (10).
Okay, then.
Casting: Foxfire (safe; 2% risk of failure)
Confirm with . or Enter, or press ? or * to list all spells.
You conjure some foxfire!
The orc priest begins to cast a cantrip, but forgets the words!
The orc throws a boomerang.
The boomerang barely misses you.
The orc throws a boomerang.
The boomerang hits you.
A kobold comes into view. It is wielding a +0 club.
The foxfire hits the orc. 😕 HP[-3] MP[-1]
You take 3 damage, and now have 25/28 hp.
You lost 1 mp, and now have 9/10 mp.
Casting: Foxfire (safe; 2% risk of failure)
Confirm with . or Enter, or press ? or * to list all spells.
You conjure some foxfire!
The foxfire hits the orc.
The foxfire hits the orc. x2 😕 HP[+1] MP[-1]
You lost 1 mp, and now have 8/10 mp.
Casting: Foxfire (safe; 2% risk of failure)
Confirm with . or Enter, or press ? or * to list all spells.
You conjure some foxfire!
The foxfire hits the orc.
You kill the orc!
The foxfire hits the orc.
The orc throws a boomerang.
The boomerang closely misses you. 😕 MP[-1]
You lost 1 mp, and now have 7/10 mp.
Casting: Foxfire (safe; 2% risk of failure)
Confirm with . or Enter, or press ? or * to list all spells.
You conjure some foxfire!
The foxfire hits the orc priest.
The foxfire hits the orc priest but does no damage.
The orc priest calls upon Beogh to heal the orc.
The orc's wounds heal themselves! 😕 HP[+1] MP[-1]
You lost 1 mp, and now have 6/10 mp.
Casting: Foxfire (safe; 2% risk of failure)
Confirm with . or Enter, or press ? or * to list all spells.
You conjure some foxfire!
The foxfire hits the orc.
The orc priest barely misses you.
The orc priest hits your foxfire with a +0 hand axe.
The foxfire hits the orc priest but does no damage.
The orc priest calls upon Beogh to heal the orc.
The orc's wounds heal themselves!
Unknown command.
Casting: Foxfire (safe; 2% risk of failure)
Confirm with . or Enter, or press ? or * to list all spells.
You conjure some foxfire!
The orc hits you with a +0 flail.
The orc priest hits you with a +0 hand axe.
The orc priest barely misses your foxfire.
The orc priest hits your foxfire with a +0 hand axe.
The foxfire hits the orc priest but does no damage.
The foxfire hits the orc but does no damage.
The orc priest begins to cast a cantrip, but forgets the words!
The orc hits you with a +0 flail!
* * * LOW HITPOINT WARNING * * *
😨 HP[-14] MP[-1]
You take 14 damage, and now have 13/28 hp.
MASSIVE DAMAGE!! (PAUSE)
You lost 1 mp, and now have 5/10 mp.
The orc throws a boomerang.
The boomerang hits you.
* * * LOW HITPOINT WARNING * * *
😱 HP[-6]
You take 6 damage, and now have 7/28 hp.
MASSIVE DAMAGE!! (PAUSE) 😨 HP[+1]
Okay, then.
Okay, then.
The orc throws a boomerang.
The boomerang hits you.
* * * LOW HITPOINT WARNING * * *
😱 HP[-1] MP[+1]
You take 1 damage, and now have 7/28 hp. 😨 HP[+1]
The orc throws a boomerang.
The boomerang closely misses you.
The orc priest calls down the wrath of Beogh upon you.
Beogh smites you!
You die...

Skill      XL: |  1  2  3  4  5 |
---------------+----------------+-----
Conjurations   | 2 3 4 |  4.0
Fire Magic     | 4 |  4.6
Dodging        | |  2.1
Stealth        | |  2.0
Spellcasting   | |  2.7

Action                     |  1- 3 |  4- 6 || total
---------------------------+-------+-------++-------
  Melee: Unarmed           |     3 |       ||     3
         Kick              |     1 |       ||     1
         Peck              |     1 |       ||     1
   Cast: Foxfire           |    52 |    71 ||   123
         Scorch            |       |     2 ||     2
    Use: Scroll            |     4 |       ||     4
 Armour: Robe              |     7 |     8 ||    15
  Dodge: Dodged            |    13 |    18 ||    31

Levels and vault maps discovered:
D:1:      nzn_arrival_settlement, layout_basic, chequers_big_river
D:2:      layout_basic, basic_altar
D:3:      layout_rooms, xom_teletrap_fun, minivault_26, uniq_robin

Notes
Turn   | Place    | Note
-------+----------+-------------------------------------------
     0 | D:1      | kae the Tengu Fire Elementalist began the quest for the
                  | Orb.
     0 | D:1      | Reached XP level 1. HP: 10/10 MP: 4/4
     0 | D:1      | magus.rc [v1.11.3]
   168 | D:1      | Reached skill level 2 in Conjurations
   168 | D:1      | Reached XP level 2. HP: 15/15 MP: 1/6
   552 | D:1      | Reached XP level 3. HP: 19/19 MP: 2/7
   555 | D:1      | Learned a level 2 spell: Scorch
   559 | D:1      | Learned a level 3 spell: Inner Flame
   659 | D:1      | You pick up a book of Blasting and begin reading...
   659 | D:1      | You add the spells Fulminant Prism, Iskenderun's Mystic
                  | Blast and Lee's Rapid Deconstruction to your library.
  1159 | D:2      | Identified the ring "Poroximeqel" {+Blink rPois rC- Will+}
  1231 | D:2      | Reached skill level 3 in Conjurations
  1231 | D:2      | Reached skill level 4 in Fire Magic
  1231 | D:2      | Reached XP level 4. HP: 12/24 MP: 2/8
  1307 | D:2      | You pick up a book of Weapons and begin reading...
  1307 | D:2      | You add the spells Tukima's Dance, Portal Projectile and
                  | Blade Hands to your library.
  1439 | D:2      | Found a shadowy altar of Dithmenos.
  1871 | D:3      | Noticed Robin
  1890 | D:3      | Killed Robin
  1958 | D:2      | Gained mutation: Your magical nature lets you fly swiftly
                  | and evasively. [Tengu growth]
  1958 | D:2      | Reached XP level 5. HP: 28/28 MP: 0/10
  2025 | D:3      | Reached skill level 4 in Conjurations
  2029 | D:3      | Found a shimmering altar of Xom.
  2075 | D:3      | You pick up a book of Air and begin reading...
  2075 | D:3      | You add the spells Shock, Swiftness and Airstrike to your
                  | library.
  2173 | D:3      | Identified the +4 dagger of Hacking and Slashing {spect,
                  | rElec Will++ Int+2 Stlth+}
  2315 | D:3      | HP: 7/28 [orc/boomerang (6)]
  2321 | D:3      | Killed from afar by an orc priest

Vanquished Creatures
  A hound (D:2)
  Robin (D:3)
  An adder (D:3)
  A worm (D:2)
  2 dart slugs (D:1)
  3 orcs
  7 endoplasms
  2 giant cockroaches
  5 hobgoblins
  2 kobolds (D:2)
  3 quokkas
  3 ball pythons
  2 bats
  6 frilled lizards
  19 goblins
  6 rats
64 creatures vanquished.

Vanquished Creatures (collateral kills)
  A foxfire (D:1)
1 creature vanquished.

Vanquished Creatures (others)
  219 foxfires
219 creatures vanquished.

Grand Total: 284 creatures vanquished

Table legend:
 A = Non-vault XP
 B = Vault XP
 C = Vault XP percentage of total XP
 D = Non-vault monster count
 E = Vault monster count
 F = Vault count percentage of total count
                 A         B        C        D         E       F
            +---------+---------+-------+---------+---------+-------
      Total |     150 |      32 |  17.6 |      53 |      11 |  17.2
            +---------+---------+-------+---------+---------+-------
        D:1 |      40 |       0 |   0.0 |      23 |       0 |   0.0
        D:2 |      71 |       0 |   0.0 |      15 |       0 |   0.0
        D:3 |      39 |      32 |  45.1 |      15 |      11 |  42.3
            +---------+---------+-------+---------+---------+-------

Illustrated notes

Table legend:
 A = Kills in this place as a percentage of kills in entire the game.
 B = Kills by you in this place as a percentage of kills by you in the entire game.
 C = Kills by friends in this place as a percentage of kills by friends in the entire game.
 D = Other kills in this place as a percentage of other kills in the entire game.
 E = Experience gained in this place as a percentage of experience gained in the entire game.
 F = Experience gained in this place divided by the number of levels of this place that you have seen.
                   A       B       C       D       E      F
               +-------+-------+-------+-------+-------+----------------------
         Total | 100.0 | 100.0 |   N/A |   N/A | 100.0 |  60.7
       Dungeon | 100.0 | 100.0 |   N/A |   N/A | 100.0 |  60.7
               +-------+-------+-------+-------+-------+----------------------

Table legend: (Time is in decaauts)
 A = Elapsed time spent in this place.
 B = Non-inter-level travel time spent in this place.
 C = Inter-level travel time spent in this place.
 D = Time resting spent in this place.
 E = Time spent auto-exploring this place.
 F = Levels seen in this place.
 G = Mean time per level.
                   A        B        C        D        E       F      G
               +--------+--------+--------+--------+--------+-----+--------+
         Total |   2311 |   2238 |     73 |     99 |   1713 |   3 |  770.3 |
       Dungeon |   2311 |   2238 |     73 |     99 |   1713 |   3 |  770.3 |
               +--------+--------+--------+--------+--------+-----+--------+

Top non-repeatable levels by time:
     D:1: 1110 daAuts
     D:2: 783 daAuts
     D:3: 416 daAuts
